 Dungeon Crawl Stone Soup version 0.26-a0-667-g92642533e4 (webtiles) character file.

Game seed: 9006433583000509263

73 Peloso the Shield-Bearer (level 4, 0/40 HPs)
             Began as a Minotaur Fighter on Oct 18, 2020.
             Killed from afar by Natasha (7 damage)
             ... with a puff of flame
             ... on level 2 of the Dungeon.
             The game lasted 00:02:01 (1147 turns).

Peloso the Shield-Bearer (Minotaur Fighter)         Turns: 1147, Time: 00:02:02

Health: 0/40       AC:  7    Str: 21    XL:     4   Next: 8%
Magic:  3/3        EV:  7    Int:  5    God:
Gold:   117        SH:  9    Dex: 10    Spells: 3/3 levels left

rFire    . . .     SeeInvis .   a - +0 long sword
rCold    + . .     Faith    .   c - +0 kite shield
rNeg     . . .     Spirit   .   b - +0 scale mail
rPois    .         Reflect  .   (helmet restricted)
rElec    .         Harm     .   (no cloak)
rCorr    .         Rampage  .   (no gloves)
MR       .....                  (no boots)
Stlth    ..........             (no amulet)
HPRegen  0.13/turn              g - ring of protection from cold
MPRegen  0.08/turn              (no ring)

@: no status effects
A: retaliatory headbutt, horns 2
a: no special abilities


You were on level 2 of the Dungeon.
You visited 1 branch of the dungeon, and saw 2 of its levels.

You collected 117 gold pieces.

Inventory:

Hand Weapons
 a - a +0 long sword (weapon)
Armour
 b - a +0 scale mail (worn)
 c - a +0 kite shield (worn)
Jewellery
 g - a ring of protection from cold (left hand)
Scrolls
 e - a scroll of amnesia {unknown}
Potions
 d - a potion of might
 f - a potion of heal wounds


   Skills:
 + Level 4.1 Fighting
 + Level 3.2 Long Blades
 + Level 4.4 Armour
 + Level 0.3 Dodging
 + Level 4.4 Shields


You had 3 spell levels left.
You didn't know any spells.
Your spell library was empty.

Dungeon Overview and Level Annotations

Branches:
Dungeon (2/15)

Altars:

Annotations:
D:2 Natasha


Innate Abilities, Weirdness & Mutations

You reflexively headbutt those who attack you in melee.
You have a pair of horns on your head.


Message History

You feel stronger.
You now have 117 gold pieces (gained 11).
g - a ruby ring You see here 37 stones.
g - a ring of protection from cold (left hand)
You feel yourself speed up.
Natasha, Servant of Life and Death comes into view.
She is carrying a wand of flame (8).
Natasha is nearby!
Natasha zaps a wand.
The puff of flame hits you.
Natasha zaps a wand.
The puff of flame hits you!
* * * LOW HITPOINT WARNING * * *
Natasha casts a spell at you. The magic dart hits you.
* * * LOW HITPOINT WARNING * * *
You see here 15 arrows.
There is a stone staircase leading up here.
Natasha mumbles some strange words.
Natasha glows brightly for a moment.
Natasha zaps a wand.
The puff of flame hits you!
You die...

...... #. .....) #.
......######+## #.
........(.....#
########'
..............#
#........
####...h.....#
#........
#.........####........
#....(......†.........
#....@....####........
############..........
#....###### #....#
######


You could see Natasha.

Vanquished Creatures
  Natasha (D:2)
  2 adders
  2 leopard geckos (D:1)
  2 bats
  6 goblins
  4 hobgoblins (D:1)
  A ball python (D:1)
  A frilled lizard (D:1)
  7 kobolds (D:1)
  3 rats (D:1)
29 creatures vanquished.

Notes
Turn   | Place    | Note
-------+----------+-------------------------------------------
     0 | D:1      | Peloso the Minotaur Fighter began the quest for the Orb.
     0 | D:1      | Reached XP level 1. HP: 19/19 MP: 0/0
   267 | D:1      | Reached XP level 2. HP: 27/27 MP: 1/1
  1050 | D:2      | Noticed Natasha
  1060 | D:2      | Reached XP level 3. HP: 33/33 MP: 2/2
  1117 | D:2      | Killed Natasha
  1117 | D:2      | Reached XP level 4. HP: 20/40 MP: 3/3
  1141 | D:2      | Noticed Natasha
  1147 | D:2      | Killed from afar by Natasha

Illustrated notes

Levels and vault maps discovered:
D:1:      lordsloth_arrival_two_stooges, layout_basic
D:2:      layout_basic, marbit_many_paths, minmay_misc_feat_chi,
          minmay_pentomino_o2, uniq_natasha

Skill      XL: |  1  2  3 |
---------------+----------+-----
Armour         | 4 |  4.4
Shields        | 4 |  4.4
Fighting       | 4 |  4.1
Long Blades    | 3 |  3.2
Dodging        | |  0.3

Action                   |  1- 3 |  4- 6 || total
-------------------------+-------+-------++-------
Melee: Long sword        |    84 |       ||    84
       Headbutt          |    12 |       ||    12
  Use: Potion            |     1 |       ||     1
Armor: Scale mail        |    46 |       ||    46
Dodge: Dodged            |    28 |       ||    28
Block: Kite shield       |    52 |       ||    52
       Rpst.: Long sword |     7 |       ||     7

Table legend: (Time is in decaauts)
 A = Elapsed time spent in this place.
 B = Non-inter-level travel time spent in this place.
 C = Inter-level travel time spent in this place.
 D = Time resting spent in this place.
 E = Time spent auto-exploring this place.
 F = Levels seen in this place.
 G = Mean time per level.
                   A        B        C        D        E       F      G
               +--------+--------+--------+--------+--------+-----+--------+
         Total |   1190 |   1169 |     21 |     27 |    877 |   2 |  595.0 |
       Dungeon |   1190 |   1169 |     21 |     27 |    877 |   2 |  595.0 |
               +--------+--------+--------+--------+--------+-----+--------+

Top non-repeatable levels by time:
     D:1: 978 daAuts
     D:2: 212 daAuts
